 Dungeon Crawl Stone Soup version 0.31-a0-1469-gd420192249 (webtiles) character file.

Game seed: 7430166779762029233

849 Rennog the Firebug (level 8, -12/51 HPs)
             Began as an Octopode Fire Elementalist on Dec 28, 2023.
             Was an Initiate of Sif Muna.
             Mangled by Joseph
             ... wielding a +0 quarterstaff
              (14 damage)
             ... on level 7 of the Dungeon.
             The game lasted 00:08:49 (6978 turns).

Rennog the Firebug (Octopode Fire Elementalist)     Turns: 6978, Time: 00:08:50

Health: -12/51     AC:  1    Str:  7    XL:     8   Next: 1%
Magic:  7/24       EV: 13    Int: 19    God:    Sif Muna [......]
Gold:   329        SH:  0    Dex: 13    Spells: 7/17 levels left

rFire   + + .        (no weapon)
rCold   . . .        (no shield)
rNeg    . . .        (helmet restricted)
rPois   .            (no amulet)
rElec   .            q - ring of magical power
rCorr   .            i - ring of protection from fire
SInv    .            u - +4 ring of slaying
Will    .....        x - ring of protection from fire
Stlth   +++          y - ring of wizardry
HPRegen 0.28/turn    A - ring of wizardry
MPRegen 0.19/turn    (no ring)
                     (no ring)

%: wizardry (x2)
@: no status effects
A: almost no armour, amphibious, 8 rings, camouflage 1, gelatinous body 1,
(nimble swimmer 1), tentacles
a: Renounce Religion


You were on level 7 of the Dungeon.
You worshipped Sif Muna.
Sif Muna was noncommittal.
You visited 2 branches of the dungeon, and saw 8 of its levels.

You collected 329 gold pieces.

Inventory:

Missiles
 t - a throwing net
Jewellery
 i - a ring of protection from fire (right tentacle)
 q - a ring of magical power (left tentacle)
 u - a +4 ring of slaying (on tentacle)
 x - a ring of protection from fire (on tentacle)
 y - a ring of wizardry (on tentacle)
 A - a ring of wizardry (on tentacle)
Wands
 p - a wand of quicksilver (10)
Scrolls
 b - a scroll of brand weapon {unknown}
 c - 2 scrolls of enchant armour {unknown}
 d - a scroll of noise {unknown}
 e - a scroll of vulnerability {unknown}
 f - a scroll of summoning {unknown}
 g - 2 scrolls of fear {unknown}
 h - 5 scrolls of teleportation
 j - 2 scrolls of poison {unknown}
 l - a scroll of blinking {unknown}
 m - a scroll of immolation {unknown}
 r - a scroll of acquirement {unknown}
 v - 3 scrolls of identify
 w - a scroll of amnesia {unknown}
 B - 2 scrolls of silence {unknown}
Potions
 a - a potion of magic
 k - 4 potions of brilliance {unknown}
 n - 2 potions of mutation {unknown}
 o - a potion of degeneration {unknown}
 s - a potion of attraction {unknown}
 z - a potion of invisibility {unknown}


   Skills:
 + Level 2.4 Fighting
 - Level 2.0 Dodging
 - Level 2.6 Stealth
 + Level 5.2 Spellcasting
 - Level 1.0 Conjurations
 - Level 7.0 Fire Magic


You had 7 spell levels left.
You knew the following spells:

 Your Spells              Type           Power      Damage    Failure   Level
a - Foxfire               Conj/Fire      80%        2x1d8     1%          1
b - Scorch                Fire           62%        2d7       1%          2
c - Inner Flame           Hex/Fire       18%        N/A       2%          3
d - Flame Wave            Conj/Fire      20%        2d7       7%          4

Your spell library contained the following spells:

 Spells                   Type           Power      Damage    Failure   Level
 Sting                    Conj/Alch      24%        1d4       2%          1
 Volatile Blastmotes      Fire/Tloc      36%        2d13      2%          3
 Necrotise                Necr           16%        1d4       3%          1
 Mercury Vapours          Alch/Air       8%         N/A       5%          2
 Vampiric Draining        Necr           4%         2d6       11%         3
 Martyr's Knell           Necr/Summ      4%         N/A       30%         4
 Olgreb's Toxic Radiance  Alch           4%         N/A       30%         4
 Curse of Agony           Necr           4%         N/A       61%         5
 Conjure Ball Lightning   Conj/Air       3%         3x3d6     97%         6
 Discord                  Hex            2%         N/A       100%        8
 Disjunction              Tloc           2%         N/A       100%        8


Dungeon Overview and Level Annotations

Branches:
Dungeon (7/15)             Temple (1/1) D:7

Altars:
Ashenzari
Cheibriados
Dithmenos
Elyvilon
Fedhas
Gozag
Hepliaklqana
Kikubaaqudgha
Makhleb
Nemelex Xobeh
Okawaru
Qazlal
Sif Muna
Trog
Uskayaw
Vehumet
Wu Jian
Xom
Yredelemnul
Zin
The Shining One

Shops:
D:4 [

Annotations:
D:7 Joseph


Innate Abilities, Weirdness & Mutations

You cannot wear most types of armour.
You are amphibious.
You can wear up to eight rings at the same time.
Your skin changes colour to match your surroundings (Stealth+).
Your rubbery body absorbs attacks. (AC +1, EV +1)
((You are camouflaged when in or above water. (Stealth+)))
You have tentacles for arms and can constrict up to eight enemies at once.


Message History

Casting: Scorch (safe; 1% risk of failure)
Confirm with . or Enter, or press ? or * to list all spells.
Flames lash Joseph.
Joseph is lightly wounded.
Casting: Scorch (safe; 1% risk of failure)
Confirm with . or Enter, or press ? or * to list all spells.
Flames lash Joseph.
Joseph is moderately wounded.
Joseph shouts, "It's the end of the party!"
Joseph unwields a +0 sling.
Joseph wields a +0 quarterstaff.
Joseph hits you with a +0 quarterstaff!
Casting: Scorch (safe; 1% risk of failure)
Confirm with . or Enter, or press ? or * to list all spells.
Flames lash the bullfrog.
The bullfrog is severely wounded.
The bullfrog's fire resistance burns away.
Joseph completely misses you.
Okay, then.
Casting: Scorch (safe; 1% risk of failure)
Confirm with . or Enter, or press ? or * to list all spells.
Casting: Flame Wave (dangerous; 7% risk of failure)
Press: ? - help, Dir - look around, f - activate A wave of flame ripples out!
The flame wave engulfs Joseph but does no damage.
Joseph is moderately wounded. (Press . to intensify the flame waves.) Joseph closely misses you.
A wave of flame ripples out!
The flame wave engulfs Joseph!
Joseph is moderately wounded.
The flame wave engulfs the bullfrog!
The bullfrog is burned terribly!
You kill the bullfrog!
Sif Muna accepts your kill. Joseph hits you with a +0 quarterstaff!
* * * LOW HITPOINT WARNING * * *
You have reached level 8!
As you read the scroll labelled RUSMYCUVUGH, it crumbles to dust.
It is a scroll of identify.
h - 5 scrolls of teleportation Joseph hits you with a +0 quarterstaff!
You die...

..@############
.......†.§.....
#@### # #@..# #
###.###)#.#
#.....#.#.#.#..
# #._........._
#.#...#.#.#.#..
#.#.###.#.#
#...#...# #
###.).#.###.###
...............


You could see Joseph (combustible).

Vanquished Creatures
  An ogre (D:5)
  A bullfrog (D:7)
  A scorpion (D:4)
  3 bombardier beetles
  3 hounds
  A jelly (D:5)
  5 orc priests
  A sleepcap (D:7)
  3 orc wizards
  An iguana (D:5)
  A gnoll (D:5)
  5 adders
  2 shadow imps (D:5)
  2 dart slugs (D:1)
  8 orcs
  7 ball pythons
  5 endoplasms
  3 giant cockroaches
  5 goblins
  7 hobgoblins
  2 jackals (D:1)
  3 quokkas
  5 bats
  2 frilled lizards
  6 kobolds
  4 rats
87 creatures vanquished.

Vanquished Creatures (others)
  117 foxfires
117 creatures vanquished.

Grand Total: 204 creatures vanquished

Notes
Turn   | Place    | Note
-------+----------+-------------------------------------------
     0 | D:1      | Rennog the Octopode Fire Elementalist began the quest for
                  | the Orb.
     0 | D:1      | Reached XP level 1. HP: 11/11 MP: 3/3
   223 | D:1      | Reached XP level 2. HP: 17/17 MP: 1/5
   226 | D:1      | Learned a level 2 spell: Scorch
  1423 | D:2      | Reached XP level 3. HP: 16/21 MP: 0/6
  1816 | D:2      | Reached skill level 4 in Fire Magic
  2217 | D:2      | You fall into a shaft and drop 2 floors!
  2391 | D:3      | Reached XP level 4. HP: 25/27 MP: 5/8
  3005 | D:3      | Found a stormy altar of Qazlal.
  3668 | D:3      | Learned a level 3 spell: Inner Flame
  4068 | D:4      | Found Tameq's Armour Shoppe.
  4085 | D:4      | Reached XP level 5. HP: 31/31 MP: 9/9
  4302 | D:4      | Reached skill level 5 in Fire Magic
  4550 | D:4      | Reached XP level 6. HP: 36/36 MP: 11/11
  4793 | D:5      | Entered Level 5 of the Dungeon
  5037 | D:5      | Reached skill level 6 in Fire Magic
  5133 | D:5      | Learned a level 4 spell: Flame Wave
  5135 | D:5      | Reached XP level 7. HP: 41/41 MP: 10/13
  5513 | D:5      | Reached skill level 7 in Fire Magic
  6064 | D:6      | Reached skill level 1 in Fighting
  6163 | D:6      | Identified the +1 leather armour of Ethics {Rampage +Inv
                  | Will- rCorr}
  6285 | D:6      | Found a glowing silver altar of Zin.
  6342 | D:6      | Reached skill level 5 in Spellcasting
  6740 | D:7      | Found a staircase to the Ecumenical Temple.
  6762 | Temple   | Entered the Ecumenical Temple
  6833 | Temple   | Became a worshipper of Sif Muna the Loreminder
  6958 | D:7      | Found a white marble altar of Elyvilon.
  6958 | D:7      | Found an ornate altar of the Wu Jian Council.
  6961 | D:7      | Identified the +0 war axe of an ossuary {flame, rF+ rC-
                  | Will+}
  6964 | D:7      | Noticed Joseph
  6977 | D:7      | HP: 1/45 [Joseph/+0 quarterstaff (15)]
  6978 | D:7      | Reached XP level 8. HP: 2/51 MP: 7/15
  6978 | D:7      | Mangled by Joseph

Illustrated notes

Levels and vault maps discovered:
D:1:      lightli_arrival_flooded_house, layout_basic, minmay_misc_feat_tower
D:2:      layout_loops_corners
D:3:      layout_loops_corners, nicolae_qazlal_general_emergency
D:4:      layout_basic, serial_shops, nicolae_shop_real_fake_doors
D:5:      layout_loops_ring, kennysheep_generic_room_7
D:6:      layout_cave_pods, zin_academy, minmay_liquid_box
D:7:      layout_basic, mainiacjoe_overflow_large_starburst,
          minmay_temple_entry_statues, uniq_joseph
Temple:   minmay_temple_bridge_d

Skill      XL: |  1  2  3  4  5  6  7 |
---------------+----------------------+-----
Fire Magic     | 4 5 6 7 |  7.0
Spellcasting   | 3 4 5 |  5.2
Fighting       | 2 |  2.4
Dodging        | |  2.0
Stealth        | |  2.6
Conjurations   | |  1.0

Action                     |  1- 3 |  4- 6 |  7- 9 || total
---------------------------+-------+-------+-------++-------
  Melee: Unarmed           |    22 |     4 |     1 ||    27
         Constrict         |     6 |     2 |     1 ||     9
         Tentacles         |     6 |     1 |       ||     7
         Punch             |     1 |       |       ||     1
   Cast: Foxfire           |    21 |    11 |    37 ||    69
         Scorch            |    25 |    53 |    20 ||    98
         Flame Wave        |       |       |     1 ||     1
    Use: Scroll            |       |       |     1 ||     1
   Stab: Sleeping          |     1 |       |       ||     1
 Armour: Skin              |    17 |    12 |    12 ||    41
  Dodge: Dodged            |    15 |    12 |     3 ||    30

Table legend: (Time is in decaauts)
 A = Elapsed time spent in this place.
 B = Non-inter-level travel time spent in this place.
 C = Inter-level travel time spent in this place.
 D = Time resting spent in this place.
 E = Time spent auto-exploring this place.
 F = Levels seen in this place.
 G = Mean time per level.
                   A        B        C        D        E       F      G
               +--------+--------+--------+--------+--------+-----+--------+
         Total |   6975 |   6516 |    459 |     15 |   5890 |   8 |  871.9 |
       Dungeon |   6833 |   6513 |    320 |     15 |   5890 |   7 |  976.1 |
        Temple |    141 |      2 |    139 |      0 |      0 |   1 |  141.0 |
               +--------+--------+--------+--------+--------+-----+--------+

Top non-repeatable levels by time:
     D:1: 1312 daAuts
     D:2: 1289 daAuts
     D:3: 1179 daAuts
     D:5: 1146 daAuts
     D:4: 1053 daAuts
     D:6: 757 daAuts
  Temple: 141 daAuts
     D:7: 96 daAuts
